AoeStats
← Twityss

Arena

504003998Analyzed
2v2 RM · 28d ago on Sep 3, 2026· 120m 27s· 4 players
Game mode
Random Map
Map size
Medium (4 player)
Population
200
Speed
Normal
Resources
Standard
Victory
Conquest
Starting age
Dark Age
Ending age
Imperial Age
RankedLock teamsTeams togetherTeam positionsShared explorationLock speedFull tech treeHidden civsTurbo modeCheats
Victory
Defeat
🇨🇳 Franks · China
538
+13
🇨🇳 Britons · China
511
+14
🇮🇹 Byzantines · Italy
503
-14
🇦🇺 Turks · Australia
450
-13
Aragons1
13:26 Feudal Age
13:55 Horse Collar
14:03 Double-Bit Axe
15:02 Wheelbarrow
18:39 Gold Mining
18:44 Stone Mining
22:23 Scale Mail Armor
22:35 Forging
26:47 Castle Age
27:00 Scale Barding Armor
27:29 Heavy Plow
27:41 Bow Saw
28:10 Gold Shaft Mining
28:16 Stone Shaft Mining
28:02 Hand Cart
27:52 Pikeman
28:36 Squires
30:22 Chain Mail Armor
35:27 Imperial Age
34:57 Chain Barding Armor
38:06 Two-Man Saw
37:41 Crop Rotation
38:23 Hoardings
43:37 Halberdier
46:52 Loom
49:56 Iron Casting
50:57 Fortified Wall
50:43 Murder Holes
50:30 Treadmill Crane
51:10 Ballistics
51:51 Chemistry
53:51 Plate Barding Armor
53:46 Plate Mail Armor
53:36 Caravan
56:13 Elite Cataphract
61:18 Guard Tower
61:37 Padded Archer Armor
73:55 Fletching
93:46 Cavalier
GOG
13:18 Feudal Age
14:26 Double-Bit Axe
16:12 Wheelbarrow
20:54 Stone Mining
23:39 Castle Age
24:05 Horse Collar
25:56 Hand Cart
26:03 Bow Saw
29:12 Bloodlines
29:29 Scale Barding Armor
29:36 Forging
30:16 Caravan
31:55 Chain Barding Armor
32:41 Heavy Plow
33:42 Husbandry
35:49 Gold Mining
40:01 Imperial Age
41:39 Gold Shaft Mining
42:38 Iron Casting
45:57 Conscription
54:44 Scale Mail Armor
55:44 Blast Furnace
59:13 Plate Barding Armor
59:28 Parthian Tactics
60:19 Cavalier
63:47 Heavy Scorpion
71:39 Parthian Tactics
70:37 Heavy Cavalry Archer
72:39 Ballistics
74:06 Elite Janissary
77:11 Thumb Ring
77:10 Padded Archer Armor
77:01 Fletching
77:32 Chain Mail Armor
89:21 Leather Archer Armor
89:04 Bodkin Arrow
98:22 Artillery
102:20 Ring Archer Armor
101:50 Bracer
Twityss
15:32 Feudal Age
18:32 Double-Bit Axe
18:37 Gold Mining
18:37 Stone Mining
18:39 Loom
21:11 Wheelbarrow
23:24 Forging
23:14 Scale Mail Armor
23:19 Scale Barding Armor
23:04 Fletching
23:14 Padded Archer Armor
29:29 Castle Age
31:26 Hand Cart
32:45 Gold Shaft Mining
32:38 Husbandry
32:32 Town Watch
33:09 Chain Barding Armor
33:25 Iron Casting
33:54 Town Patrol
34:02 Light Cavalry
35:23 Leather Archer Armor
38:46 Imperial Age
36:35 Bodkin Arrow
39:09 Ballistics
38:45 Murder Holes
39:00 Masonry
39:02 Fortified Wall
39:22 Cavalier
40:35 Conscription
40:38 #83
39:40 Elite Throwing Axeman
42:56 Blast Furnace
42:31 Plate Barding Armor
42:44 Paladin
44:10 Chain Mail Armor
44:31 Plate Barding Armor
43:18 Pikeman
43:58 Squires
45:21 Plate Mail Armor
45:27 Plate Barding Armor
44:55 Squires
44:15 Halberdier
44:41 Arson
47:19 Caravan
48:45 Chivalry
49:20 Hoardings
50:16 Gambesons
57:19 Siege Engineers
57:45 Architecture
58:16 Chemistry
57:02 Arrowslits
57:17 Herbal Medicine
65:01 Bow Saw
比奇堡莽夫
10:59 Feudal Age
12:36 Loom
15:19 Castle Age
15:04 Double-Bit Axe
16:18 Bow Saw
16:36 Horse Collar
18:20 Stone Mining
18:59 Stone Mining
19:00 Gold Mining
20:27 Heavy Plow
26:26 Gold Shaft Mining
26:46 Fletching
26:57 Padded Archer Armor
32:05 Imperial Age
29:44 Bodkin Arrow
30:05 Leather Archer Armor
32:50 Ballistics
33:57 Bracer
34:28 Ring Archer Armor
34:59 Two-Man Saw
33:46 Treadmill Crane
35:07 Chemistry
34:14 Siege Engineers
33:35 Elite Longbowman
34:36 Yeomen
34:37 Conscription
36:33 Guilds
36:25 Caravan
36:41 Forging
36:37 Scale Barding Armor
38:11 Iron Casting
37:40 Warwolf
37:55 Husbandry
37:15 Light Cavalry
39:00 Conscription
40:30 Treadmill Crane
41:52 Blast Furnace
41:13 Chain Barding Armor
43:09 Fortified Wall
45:15 Scale Mail Armor
46:13 Pikeman
46:56 Squires
50:13 Hoardings
51:33 Plate Barding Armor
59:57 Wheelbarrow
59:09 Town Watch
59:42 Chain Mail Armor
59:40 Masonry
59:16 Arrowslits
72:36 Sappers
75:32 Plate Mail Armor
74:28 Halberdier
97:58 Spies/Treason
108:16 Cavalier
114:36 Man-at-Arms
115:03 Gambesons
115:04 Arson
115:42 Long Swordsman
117:03 Architecture
Connection lost

Rejoining the realm…

Still unreachable

The connection could not be restored.

Session expired

The server has moved on; the page needs a fresh start.